 Dungeon Crawl Stone Soup version 0.17.1-2-g5865329 (webtiles) character file.

37 namelastname112 the Chiller (level 3, -1/16 HPs)
             Began as a Vine Stalker Ice Elementalist on Jan 21, 2016.
             Slain by JustSomeDude's ghost (11 damage)
             ... in a sewer.
             The game lasted 00:02:43 (1107 turns).

namelastname112 the Chiller (VSIE)                  Turns: 1107, Time: 00:02:43

Health: -1/16      AC:  3    Str: 10    XL:     3   Next: 41%
Magic:  0/8        EV: 12    Int: 16    God:
Gold:   79         SH:  0    Dex: 14    Spells: 1 memorised, 7 levels left

rFire  + . .     SeeInvis .     (no weapon)
rCold  + . .     Clarity  .     a - +0 robe
rNeg   . . .     SustAt   .     (no shield)
rPois  +         Gourm    .     (no helmet)
rElec  +         Spirit   +     (no cloak)
rCorr  +         Warding  .     n - +0 pair of gloves
rMut   .         Stasis   .     (no boots)
MR     .....                    (no amulet)
Stlth  ++........               (no ring)
                                (no ring)

@: resistant, very slightly contaminated, invisible, not resistant to hostile
enchantments, unstealthy
A: fangs 2, regeneration 1, magic shield, antimagic bite, no device heal 3, rot
immunity
a: no special abilities


You were in a sewer.
You were hungry.

You visited 1 branch of the dungeon, and saw 4 of its levels.
You also visited: Sewer.

You collected 79 gold pieces.

Inventory:

Armour
 a - a +0 robe (worn)
 n - a +0 pair of gloves (worn)
Wands
 k - a wand of polymorph (9)
Scrolls
 e - a scroll of random uselessness {unknown}
 h - 2 scrolls of blinking {unknown}
 j - a scroll of remove curse {unknown}
Potions
 f - a potion of invisibility
 m - a potion of might {unknown}
Books
 b - a book of Frost

   Spells                             Type                      Level
   a - Freeze                         Ice                          1
   b - Throw Frost                    Conjuration/Ice              2
   c - Ozocubu's Armour               Charms/Ice                   3
   d - Throw Icicle                   Conjuration/Ice              4
   e - Summon Ice Beast               Ice/Summoning                4
   f - Condensation Shield            Ice                          4
Comestibles
 c - a bread ration
 d - a royal jelly
 i - 2 beef jerkies
 l - a meat ration


   Skills:
 - Level 1.5 Dodging
 - Level 2.4 Stealth
 + Level 3.0 Spellcasting
   Level 1.0 Conjurations
 + Level 3.7 Ice Magic


You had 7 spell levels left.
You knew the following spells:

 Your Spells              Type           Power        Failure   Level  Hunger
z - Freeze                Ice            ##..         4%          1    #......


Dungeon Overview and Level Annotations

Branches:
Dungeon (5/15)
 Temple: D:4-7

Altars:
Nemelex Xobeh

Annotations:
Sewer JustSomeDude's ghost, amateur DsGl


Innate Abilities, Weirdness & Mutations

You have extremely sharp teeth.
Your natural rate of healing is unusually fast.
When hurt, damage is shared between your health and your magic reserves.
Your bite disrupts and absorbs the magic of your enemies.
Potions and wands cannot restore your health.
You are immune to rotting.


Message History

JustSomeDude's ghost hits you! The rat closely misses you.
Casting: Freeze
Confirm with . or Enter, or press ? or * to list all spells.
Aiming: Freeze
Press: ? - help, Shift-Dir - straight line, f/p - JustSomeDude's ghost
Aim: JustSomeDude's ghost (moderately damaged)
You freeze JustSomeDude's ghost.
JustSomeDude's ghost is moderately damaged.
JustSomeDude's ghost closely misses you.
The rat closely misses you. The rat bites you.
Casting: Freeze
Confirm with . or Enter, or press ? or * to list all spells.
Aiming: Freeze
Press: ? - help, Shift-Dir - straight line, f/p - JustSomeDude's ghost
Aim: JustSomeDude's ghost (moderately damaged)
You freeze JustSomeDude's ghost.
JustSomeDude's ghost is heavily damaged.
JustSomeDude's ghost hits you!
Ouch! That really hurt!
You die...

≈≈≈≈≈≈......#
≈≈≈≈≈.......
≈≈≈≈≈......#
.≈≈≈≈≈.....#
≈≈≈≈≈.....#
≈≈≈r......####
≈≈≈.....r# #∩#
.≈≈.S..Wr###.#
.≈≈≈...r@.#..#
≈≈≈.........##
≈≈≈........##
.≈≈≈≈.....##
≈≈≈≈.≈....#
.≈≈≈≈≈.....
≈≈≈≈≈......#
≈≈≈≈....#..
≈≈≈≈..# #.


You could see JustSomeDude's ghost, a ball python (wandering) and 4 rats.

Vanquished Creatures
  2 adders (D:2)
  An ooze (D:2)
  2 giant cockroaches (D:1)
  A ball python skeleton (D:5)
  2 bats
  A giant gecko (D:5)
  6 goblins
  4 rats
19 creatures vanquished.

Notes
Turn   | Place    | Note
--------------------------------------------------------------
     0 | D:1      | namelastname112 the Vine Stalker Ice Elementalist began the quest for the Orb.
     0 | D:1      | Reached XP level 1. HP: 9/9 MP: 4/4
   259 | D:1      | Reached XP level 2. HP: 13/13 MP: 4/6
   734 | D:2      | Reached XP level 3. HP: 16/16 MP: 2/8
   827 | D:2      | You fall through a shaft for 2 floors!
   833 | D:5      | Entered Level 5 of the Dungeon
   833 | D:5      | Found a sparkling altar of Nemelex Xobeh.
  1071 | D:5      | Found a glowing drain.
  1079 | Sewer    | Entered a sewer
  1097 | Sewer    | Noticed JustSomeDude's ghost (amateur DsGl)
  1107 | Sewer    | Slain by JustSomeDude's ghost

Action                   || total
-------------------------++-------
Melee: Unarmed           ||    30
 Cast: Freeze            ||    31
  Use: Potion            ||     2
 Stab: Sleeping          ||     1
